 Dungeon Crawl Stone Soup version 0.31-a0-981-geadf994542 (webtiles) character file.

Game seed: 5653467564432783449

162 tsouns the Shooter (level 5, -3/25 (31) HPs)
             Began as a Vampire Hunter on Oct 31, 2023.
             Was a Believer of Vehumet.
             Killed by divine providence
             ... invoked by an orc priest
              (14 damage)
             ... on level 2 of the Dungeon.
             The game lasted 00:04:18 (1601 turns).

tsouns the Shooter (Vampire Hunter)                 Turns: 1601, Time: 00:04:18

HP:   -3/25 (31)    AC:  3    Str: 10    XL:     5   Next: 19%
MP:   14/15         EV: 12    Int: 14    God:    Vehumet [**....]
Gold: 84            SH:  0    Dex: 17    Spells: 4/6 levels left

rFire   . . .        a - +1 shortbow
rCold   + + .        (shield currently unavailable)
rNeg    + + +        c - +0 leather armour
rPois   ∞            (no helmet)
rElec   .            (no cloak)
rCorr   +            (no gloves)
SInv    +            (no boots)
Will    .....        (no amulet)
Stlth   ++++         f - ring of magical power
HPRegen 0.00/turn    m - ring of resist corrosion
MPRegen 0.14/turn

%: no passive effects
@: bloodless, inhibited regen, heavily drained
A: bloodless, fangs 3, see invisible, vampiric 2
a: Bat Form, Revivify, Renounce Religion


You were on level 2 of the Dungeon.
You worshipped Vehumet.
Vehumet was pleased with you.
You visited 1 branch of the dungeon, and saw 3 of its levels.

You collected 84 gold pieces.

Inventory:

Hand Weapons
 a - a +1 shortbow (weapon)
Armour
 c - a +0 leather armour (worn)
Jewellery
 f - a ring of magical power (left hand)
 m - a ring of resist corrosion (right hand)
Scrolls
 b - a scroll of butterflies
 h - a scroll of fear
Potions
 d - 4 potions of curing
 e - a potion of resistance
 i - 2 potions of heal wounds {unknown}
 k - 2 potions of haste {unknown}
 l - a potion of brilliance {unknown}


   Skills:
 - Level 2.4 Fighting
 + Level 4.0 Ranged Weapons
 - Level 2.1 Dodging
 + Level 3.6 Stealth
 + Level 1.3 Spellcasting
 + Level 0.5 Conjurations
 + Level 1.0 Necromancy
 + Level 1.4 Earth Magic


You had 4 spell levels left.
You knew the following spells:

 Your Spells              Type           Power      Damage    Failure   Level
a - Sandblast             Erth           10%        2d5       19%         1
b - Kiss of Death         Conj/Necr      12%        2d6       26%         1

Your spell library contained the following spells:

 Spells                   Type           Power      Damage    Failure   Level
 Necrotise                Necr           12%        1d4       22%         1
 Vampiric Draining        Necr           3%         2d6       56%         3
 Agony                    Necr           3%         N/A       99%         5


Dungeon Overview and Level Annotations

Branches:
Dungeon (3/15)

Altars:
Cheibriados
Hepliaklqana
Vehumet
Xom


Innate Abilities, Weirdness & Mutations

You do not regenerate when monsters are visible.
You are frail without blood (-20% HP).
You can heal yourself when you bite living creatures.
You are immune to poison.
You have razor-sharp teeth.
You have supernaturally acute eyesight. (SInv)
You are afflicted with vampirism and can become a bat while bloodless.


Message History

The orc priest looks encouraged for a moment.
You shoot an arrow.
The arrow hits the orc priest but does no damage.
You shoot an arrow.
The arrow hits the orc priest but does no damage.
You shoot an arrow. The arrow hits the orc priest.
The orc priest is moderately wounded.
Unknown command.
Casting: Sandblast (safe; 19% risk of failure)
Confirm with . or Enter, or press ? or * to list all spells.
Aiming: Sandblast (safe; 19% risk of failure)
Press: ? - help, Shift-Dir - straight line, f/p - orc priest
Aim: an orc priest, wielding a +3 flail and wearing a +0 ring mail (moderately wounded, 83% to hit)
The blast of sand hits the orc priest but does no damage.
The orc priest is moderately wounded.
The orc priest hits you with a +3 flail.
A worm comes into view.
There is a stone staircase leading up here.
Casting: Sandblast (safe; 19% risk of failure)
Confirm with . or Enter, or press ? or * to list all spells.
Aiming: Sandblast (safe; 19% risk of failure)
Press: ? - help, Shift-Dir - straight line, f/p - orc priest
Aim: an orc priest, wielding a +3 flail and wearing a +0 ring mail (moderately wounded, 83% to hit)
The blast of sand hits the orc wizard but does no damage.
The orc wizard closely misses you.
Unknown command.
The orc priest barely misses you. The orc wizard casts a spell at you.
The puff of flame misses you.
You climb upwards.
There is a stone staircase leading down, spattered with blood here.
Things that are here:
6 boomerangs; a +0 dagger The orc priest casts a cantrip, but nothing happens.
The orc wizard points at you and mumbles some strange words.
The puff of flame hits you!
The orc priest calls down the wrath of Beogh upon you.
Beogh smites you!
Ouch! That really hurt!
You die...

############# ............#
............# ............#
............####
............)..##################
................@................
..............o.#################
..............>#### ######
##.....###....o...# #....######
############......# #.##.......
........####......#####.#########
........'........................
........#####..........##########
#######.# ####.......#


You could see an orc priest and an orc wizard.

Vanquished Creatures
  2 jellies (D:2)
  4 adders
  A worm (D:2)
  7 ball pythons
  11 endoplasms
  A giant cockroach (D:1)
  6 goblins
  2 hobgoblins
  3 jackals (D:1)
  10 kobolds
  A quokka (D:2)
  2 frilled lizards
  4 rats
54 creatures vanquished.

Notes
Turn   | Place    | Note
-------+----------+-------------------------------------------
     0 | D:1      | tsouns the Vampire Hunter began the quest for the Orb.
     0 | D:1      | Reached XP level 1. HP: 16/16 MP: 1/1
   215 | D:1      | Reached XP level 2. HP: 22/22 MP: 2/2
   220 | D:1      | Found a faded altar of an unknown god.
   231 | D:1      | Prayed at the altar of an unknown god.
   231 | D:1      | Became a worshipper of Vehumet
   231 | D:1      | Reached * piety under Vehumet
   231 | D:1      | Offered knowledge of Sandblast by Vehumet.
   234 | D:1      | Learned a level 1 spell: Sandblast
   966 | D:2      | Gained mutation: You are afflicted with vampirism and can
                  | become a bat while bloodless. [Vampire growth]
   966 | D:2      | Reached XP level 3. HP: 15/27 MP: 3/3
  1311 | D:2      | Offered knowledge of Kiss of Death by Vehumet.
  1320 | D:2      | Reached XP level 4. HP: 30/34 MP: 5/5
  1323 | D:2      | Reached ** piety under Vehumet
  1336 | D:2      | Learned a level 1 spell: Kiss of Death
  1360 | D:2      | Reached skill level 1 in Spellcasting
  1360 | D:2      | Reached skill level 1 in Earth Magic
  1378 | D:2      | Found a hazy altar of Hepliaklqana.
  1378 | D:2      | Found a radiant altar of Vehumet.
  1378 | D:2      | Found a hazy altar of Hepliaklqana.
  1378 | D:2      | Found a shimmering altar of Xom.
  1378 | D:2      | Found a snail-covered altar of Cheibriados.
  1388 | D:2      | Reached skill level 4 in Ranged Weapons
  1388 | D:2      | Reached XP level 5. HP: 33/39 MP: 6/6
  1588 | D:3      | Reached skill level 1 in Necromancy
  1601 | D:2      | Killed from afar by an orc priest

Illustrated notes

Levels and vault maps discovered:
D:1:      onia_arrival_pentagram, layout_basic, ebering_ecumenical_altar_webs
D:2:      cheibrodos_fertilizer, layout_basic
D:3:      layout_basic, uniq_jessica, uniq_sigmund

Skill      XL: |  1  2  3  4  5 |
---------------+----------------+-----
Stealth        | 2 3 |  3.6
Fighting       | 2 |  2.4
Spellcasting   | 1 |  1.3
Earth Magic    | 1 |  1.4
Ranged Weapons | 4 |  4.0
Necromancy     | 1 |  1.0
Dodging        | |  2.1
Conjurations   | |  0.5

Action                     |  1- 3 |  4- 6 || total
---------------------------+-------+-------++-------
   Fire: Shortbow          |    81 |    38 ||   119
   Cast: Sandblast         |     7 |    10 ||    17
         Kiss of Death     |       |     1 ||     1
Ability: Exsanguinate      |       |     1 ||     1
    Use: Scroll            |       |     5 ||     5
 Armour: Leather armour    |    20 |    19 ||    39
  Dodge: Dodged            |    25 |    26 ||    51

Table legend: (Time is in decaauts)
 A = Elapsed time spent in this place.
 B = Non-inter-level travel time spent in this place.
 C = Inter-level travel time spent in this place.
 D = Time resting spent in this place.
 E = Time spent auto-exploring this place.
 F = Levels seen in this place.
 G = Mean time per level.
                   A        B        C        D        E       F      G
               +--------+--------+--------+--------+--------+-----+--------+
         Total |   1640 |   1562 |     78 |      0 |   1196 |   3 |  546.7 |
       Dungeon |   1640 |   1562 |     78 |      0 |   1196 |   3 |  546.7 |
               +--------+--------+--------+--------+--------+-----+--------+

Top non-repeatable levels by time:
     D:1: 824 daAuts
     D:2: 772 daAuts
     D:3: 42 daAuts
